 Dungeon Crawl Stone Soup version 0.29-a0-22-gbf593b16ee (webtiles) character file.

Game seed: 1178920153064014708

332 bande the Skirmisher (level 6, 0/39 HPs)
             Began as a Gargoyle Fighter on Jan 30, 2022.
             Slain by a gnoll (3 damage)
             ... on level 4 of the Dungeon.
             The game lasted 00:05:15 (3882 turns).

bande the Skirmisher (Gargoyle Fighter)             Turns: 3882, Time: 00:05:16

Health: 0/39       AC: 15    Str: 19    XL:     6   Next: 52%
Magic:  6/6        EV:  7    Int:  9    God:
Gold:   79         SH:  5    Dex: 11    Spells: 5/5 levels left

rFire   . . .      SeeInvis .   a - +0 war axe
rCold   . . .      Faith    .   c - +1 buckler
rNeg    + . .      Spirit   .   i - +0 chain mail {rPois}
rPois   ∞          Reflect  .   (no helmet)
rElec   +          Harm     .   o - +0 cloak
rCorr   .          Rampage  .   (no gloves)
Will    +....                   (no boots)
Stlth   ..........              (no amulet)
HPRegen 0.13/turn               f - ring of willpower
MPRegen 0.10/turn               (no ring)

@: mighty
A: sickness immunity, AC +4, negative energy resistance 1, electricity
resistance, torment resistance 1, petrification resistance
a: no special abilities


You were on level 4 of the Dungeon.
You visited 1 branch of the dungeon, and saw 4 of its levels.

You collected 79 gold pieces.

Inventory:

Hand Weapons
 a - a +0 war axe (weapon)
 p - a +0 flail
Armour
 c - a +1 buckler (worn)
 i - a +0 chain mail of poison resistance (worn)
 o - a +0 cloak (worn)
Jewellery
 f - a ring of willpower (left hand)
 l - an amulet of the acrobat
Wands
 j - a wand of polymorph (6)
 n - a wand of digging (2)
Scrolls
 b - a scroll of magic mapping
Potions
 d - a potion of might
 e - a potion of invisibility
 g - 3 potions of cancellation {unknown}
 h - a potion of curing
 k - a potion of ambrosia {unknown}
 m - 2 potions of heal wounds {unknown}


   Skills:
 + Level 4.7 Fighting
 + Level 4.1 Axes
 + Level 4.3 Armour
 + Level 3.9 Shields
 * Level 1.3 Evocations


You had 5 spell levels left.
You didn't know any spells.
Your spell library was empty.

Dungeon Overview and Level Annotations

Branches:
Dungeon (4/15)
 Temple: D:4-7

Altars:
Elyvilon
Ru


Innate Abilities, Weirdness & Mutations

You are immune to sickness and miasma.
Your stone body is resilient. (AC +4)
You are immune to poison.
You resist negative energy. (rN+)
You are resistant to electric shocks. (rElec)
You are resistant to unholy torment.
You are immune to petrification.


Message History

You block the gnoll's attack. The gnoll hits you with a +0 halberd.
You closely miss Natasha. You slash the gnoll!
You kill the gnoll!
You barely miss the adder. You slash the gnoll!
You kill the gnoll!
The adder barely misses you. You block Natasha's attack.
The gnoll barely misses you. The adder bites you but does no damage.
Natasha barely misses you.
Your Axes skill increases to level 4!
You slash Natasha!
Natasha is almost dead.
You closely miss the adder. The adder barely misses you.
The gnoll hits you but does no damage. You block Natasha's attack.
Unknown command.
You slash Natasha!
You kill Natasha!
Natasha growls in agony!
You hit the adder.
You kill the adder!
The gnoll hits you from afar with a +0 halberd.
You block the gnoll's attack. The gnoll closely misses you.
You see here the felid corpse of Natasha.
The gnoll barely misses you.
Unknown command.
The gnoll hits you with a +0 halberd. You block the gnoll's attack.
You closely miss the gnoll. The gnoll hits you with a +0 halberd!
* * * LOW HITPOINT WARNING * * *
You slash the gnoll!
The gnoll is almost dead.
You block the gnoll's attack.
You closely miss the gnoll.
The gnoll is almost dead.
The gnoll hits you but does no damage. The gnoll hits you with a +0 halberd.
* * * LOW HITPOINT WARNING * * *
You barely miss the gnoll.
The gnoll is almost dead.
The gnoll hits you with a +0 halberd.
You die...

,,,,,,,,,,,,,,,,,,,,,,,,,,,,,,,,.
,,,,,,,#................,,,,,,,,.
,,,,,,,#.................###.....
,,,,,,,*.......#.................
***,,,**,.................#....#*
* *,,,,,**#$........#*#...#....#
***,,,,,* #.....[...###.###....##
,,,,,,,$####...)g................
,,,,,,_$.......†@................
,,,,,,,$.....†.).......†.........
,,,,,,,..........................
,,,,,,,..........................
,,,,,,,............####..........
,,,,,,,............#**#..........
,,,,,,,..$.......................
,,,,,,,..........................
,,,,,,,....####.>................


You could see a gnoll.

Vanquished Creatures
  A sky beast (D:3)
  Crazy Yiuf (D:3)
  Natasha (D:4)
  An orc wizard (D:3)
  3 gnolls (D:4)
  6 adders
  2 worms (D:3)
  A dart slug (D:2)
  3 orcs (D:3)
  6 ball pythons
  2 endoplasms
  3 giant cockroaches
  8 goblins
  6 hobgoblins
  3 jackals (D:2)
  5 quokkas
  4 bats
  6 frilled lizards
  3 kobolds
  7 rats
72 creatures vanquished.

Notes
Turn   | Place    | Note
-------+----------+-------------------------------------------
     0 | D:1      | bande the Gargoyle Fighter began the quest for the Orb.
     0 | D:1      | Reached XP level 1. HP: 14/14 MP: 1/1
    76 | D:1      | Found a faded altar of an unknown god.
   157 | D:1      | Reached XP level 2. HP: 15/19 MP: 2/2
   866 | D:1      | Reached XP level 3. HP: 24/24 MP: 3/3
  1615 | D:2      | Reached XP level 4. HP: 28/29 MP: 4/4
  1621 | D:2      | Found a sacrificial altar of Ru.
  2105 | D:3      | Found a runed translucent door.
  2106 | D:3      | Noticed Crazy Yiuf
  2132 | D:3      | Noticed a sky beast
  2157 | D:3      | Killed a sky beast
  2158 | D:3      | Reached XP level 5. HP: 25/34 MP: 5/5
  2497 | D:3      | Found a white marble altar of Elyvilon.
  2986 | D:3      | Reached XP level 6. HP: 28/39 MP: 6/6
  2990 | D:3      | Reached skill level 1 in Evocations
  3401 | D:3      | Killed Crazy Yiuf
  3862 | D:4      | Noticed Natasha
  3874 | D:4      | Killed Natasha
  3882 | D:4      | Slain by a gnoll

Illustrated notes

Levels and vault maps discovered:
D:1:      minmay_arrival_checkered_box, layout_basic,
          hellmonk_ecumenical_altar_pennies_from_heaven, grunt_decor_resistance
D:2:      layout_loops_ring, basic_altar, serial_rivers,
          chequers_serial_rivers_micro_b, chequers_serial_rivers_small_a,
          chequers_serial_rivers_micro_e, chequers_serial_rivers_micro_d,
          kennysheep_donut
D:3:      layout_loops_corners, elyvilon_altar_3, dk_vineyard_1,
          chequers_arboretum, uniq_crazy_yiuf_cottage
D:4:      layout_basic, nicolae_gozag_seed_capital,
          nicolae_wu_jian_wuxing_cycle, portal_sewer_entry_d, uniq_natasha

Skill      XL: |  1  2  3  4  5  6 |
---------------+-------------------+-----
Axes           | 2 3 4 |  4.1
Fighting       | 4 |  4.7
Armour         | 4 |  4.3
Evocations     | 1 |  1.3
Shields        | |  3.9

Action                   |  1- 3 |  4- 6 || total
-------------------------+-------+-------++-------
Melee: War axe           |   102 |   137 ||   239
  Use: Scroll            |     5 |     4 ||     9
       Potion            |       |     1 ||     1
Armor: Scale mail        |    60 |     6 ||    66
       Chain mail        |       |    69 ||    69
Dodge: Dodged            |    58 |    56 ||   114
Block: Buckler           |    24 |    37 ||    61

Table legend: (Time is in decaauts)
 A = Elapsed time spent in this place.
 B = Non-inter-level travel time spent in this place.
 C = Inter-level travel time spent in this place.
 D = Time resting spent in this place.
 E = Time spent auto-exploring this place.
 F = Levels seen in this place.
 G = Mean time per level.
                   A        B        C        D        E       F      G
               +--------+--------+--------+--------+--------+-----+--------+
         Total |   3995 |   3958 |     37 |    921 |   2377 |   4 |  998.8 |
       Dungeon |   3995 |   3958 |     37 |    921 |   2377 |   4 |  998.8 |
               +--------+--------+--------+--------+--------+-----+--------+

Top non-repeatable levels by time:
     D:3: 1744 daAuts
     D:1: 1100 daAuts
     D:2: 1066 daAuts
     D:4: 83 daAuts
